[Event "2nd Cambridge Open 2024"]
[Site "Cambridge"]
[Date "2024.02.24"]
[Round "8.3"]
[White "Sonis, Francesco"]
[Black "Wadsworth, Matthew J"]
[Result "1/2-1/2"]
[ECO "D12"]
[WhiteElo "2573"]
[BlackElo "2450"]
[Annotator "TA"]
[PlyCount "77"]
[EventDate "2024.02.18"]
[EventType "swiss"]
[EventCountry "ENG"]
[SourceTitle "playchess.com"]
[Source "ChessBase"]
[SourceQuality "1"]
[TimeControl "5400+30"]

1. d4 d5 2. c4 c6 3. Nf3 Nf6 4. e3 Bf5 5. Nc3 e6 6. Nh4 Be4 7. f3 Bg6 8. Qb3 Qb6 9. Nxg6 hxg6 10. Bd2 Nbd7 11. O-O-O Qxb3 12. axb3 {[%emt 0:00:04] White has an edge.} O-O-O 13. Kc2 a6 14. Bd3 Bd6 15. h3 Kb8 (15... e5 $11) 16. Be1 Bc7 17. Bf2 c5 18. dxc5 Nxc5 19. Be2 dxc4 20. bxc4 e5 (20... a5 $14) 21. h4 (21. Rxd8+ $16 Rxd8 22. g4) 21... Ne6 22. g4 Rxd1 23. Rxd1 g5 24. h5 g6 25. hxg6 fxg6 26. Bd3 (26. b4 $16) 26... Rh3 $14 27. Kd2 {[%emt 0:11:25] Black must now prevent Ke2.} Ba5 28. Bxg6 e4 29. Bxe4 ({Much worse is} 29. fxe4 Nxg4 (29... Bxc3+ 30. Kxc3 Nxg4 31. Rd6 $11) 30. Bg1 Rg3 $11) 29... Nxe4+ {[%emt 0:00:47] The position is equal.} 30. fxe4 Nc5 31. Ke2 {[%emt 0:08:13] [#] aiming for Rd5.} Bxc3 32. bxc3 Nxe4 $11 {[%emt 0:00:20][%mdl 4096] Endgame. KRB-KRN} 33. Be1 Nf6 {[%emt 0:02:22] Wards off Rd5} 34. Rd4 a5 35. c5 Kc8 $1 36. Ra4 Kd7 37. Rd4+ Kc8 38. Ra4 Kd7 39. Rd4+ {[%emt 0:01:19] Weighted Error Value: White=0.14 (very precise) /Black=0.13 (very precise) .  Mistake:       	White=2     	Black=2      Inaccurate:     	White=4     	Black=2      OK:         	White=6     	Black=10     Best:        	---       	Black=1      Strong:       	---       	Black=1} 1/2-1/2

[Event "2nd Cambridge Open 2024"]
[Site "Cambridge"]
[Date "2024.02.24"]
[Round "8.4"]
[White "Roberson, Peter T"]
[Black "Gasanov, Eldar"]
[Result "1-0"]
[ECO "B47"]
[WhiteElo "2424"]
[BlackElo "2487"]
[Annotator "TA"]
[PlyCount "67"]
[EventDate "2024.02.18"]
[EventType "swiss"]
[EventCountry "ENG"]
[SourceTitle "playchess.com"]
[Source "ChessBase"]
[SourceQuality "1"]
[TimeControl "5400+30"]

1. e4 c5 2. Nf3 Nc6 3. d4 cxd4 4. Nxd4 e6 5. Nc3 Qc7 6. Ncb5 Qb8 7. Bd3 Nf6 8. O-O {[%emt 0:00:26] The position is equal.} Be7 9. Qe2 Ne5 10. c4 (10. h3 $142) 10... Nxd3 11. Qxd3 O-O 12. Nc3 d6 13. Bg5 Rd8 14. f4 Bd7 15. Rae1 {[%emt 0:05:48] aiming for e5.} Be8 (15... h6 $11 {keeps the balance.} 16. Bh4 b6) 16. Kh1 (16. f5 $16 Qc8 17. b3) 16... Qc7 (16... h6 $14) 17. f5 $16 Bd7 ({Black should play} 17... Qc5) 18. b3 (18. fxe6 $142 fxe6 19. Ndb5) 18... a6 (18... Rf8 $16) 19. Qh3 (19. Qg3 $18 {Hoping for fxe6.} Nh5 20. Qg4) 19... Qc5 20. fxe6 fxe6 21. e5 dxe5 22. Nxe6 {[%emt 0:04:07] And now Bxf6 would win. White has more active pieces.} Qd6 23. Bxf6 Bxe6 24. Bxe7 (24. Rxe5 $2 Bxh3 25. Rxe7 Rd7 $19 (25... gxf6 $2 26. Nd5 $19)) 24... Qxe7 25. Rxe5 Re8 {[%emt 0:02:05] [#]} 26. Qg3 $40 {[%emt 0:07:00][%mdl 128] Nd5 is the strong threat. Black is in trouble.} Qd7 27. h3 Bf7 (27... Kh8 {was necessary.} 28. Rd1 Qc6) 28. Rd1 $18 Qc6 29. Rd6 Qc8 (29... Qc7 $142 30. Rg5 Kh8 31. Rxg7 Re6) 30. Rg5 g6 (30... Kh8 $142 31. Rxg7 Qf5) 31. Nd5 Bxd5 {[%emt 0:00:53] [#]} 32. Rgxg6+ $1 {[%emt 0:00:32] White mates.} hxg6 33. Qxg6+ Kf8 34. Rf6+ {[%emt 0:00:13] Weighted Error Value: White=0.13 (very precise) /Black=0.54.  Mistake:       	White=4     	Black=7      Inaccurate:     	White=1     	Black=5      OK:         	White=9     	Black=4      Best:        	White=6     	Black=1} (34. cxd5 $2 {too greedy.} Qc1+ 35. Kh2 Qf4+ 36. Qg3 Qxg3+ 37. Kxg3 Re3+ 38. Kg4 Re2 $19) 1-0

[Event "2nd Cambridge Open 2024"]
[Site "Cambridge"]
[Date "2024.02.24"]
[Round "8.6"]
[White "York-Weaving, Richard"]
[Black "Willow, Jonah B"]
[Result "0-1"]
[ECO "B40"]
[WhiteElo "2343"]
[BlackElo "2434"]
[Annotator "TA"]
[PlyCount "130"]
[EventDate "2024.02.18"]
[EventType "swiss"]
[EventCountry "ENG"]
[SourceTitle "playchess.com"]
[Source "ChessBase"]
[SourceQuality "1"]
[TimeControl "5400+30"]

1. e4 c5 2. Nf3 e6 3. b3 a6 4. Bb2 Nc6 5. c4 Nf6 6. e5 Ng4 7. h3 Nh6 8. Nc3 {[%emt 0:09:03] The position is equal.} Nf5 9. Ne4 Nfd4 10. Nxd4 cxd4 11. f4 d6 12. exd6 f5 13. Ng5 (13. Nf2 $1 $11) 13... Bxd6 $15 14. Qh5+ ({White should play} 14. g3 $1 $15) 14... g6 $17 15. Qe2 O-O (15... Bxf4 $17 16. Nxe6 Qh4+ 17. Kd1 Kf7 (17... Be5 18. Bxd4 Bxe6 19. Bxe5 $16) 18. Nxf4 Re8 (18... Qxf4 19. Ba3 $15)) 16. O-O-O Qa5 17. Kb1 Nb4 $36 {[%emt 0:29:41][%mdl 2048] Black has the initiative.} 18. a3 (18. Bxd4 $2 Qxa2+ 19. Kc1 Qc2#) 18... Nc6 19. c5 $2 (19. Nxe6 $2 Re8 20. b4 Bxb4 21. axb4 Qxb4 $19) (19. h4 $14 {keeps the upper hand.}) 19... Bxf4 $19 20. Nxe6 {[%emt 0:05:54] [#]} Re8 $1 21. b4 Qa4 (21... Rxe6 22. bxa5 Rxe2 23. Bxe2 $14) 22. Nxf4 Rxe2 23. Bxe2 {[%emt 0:00:07] [#]} a5 $1 24. Bc4+ $2 (24. b5 {might work better.} d3 25. Bxd3 Qxf4 26. bxc6) 24... Kf8 25. Nd5 axb4 26. Nb6 Qa5 27. a4 (27. Nxa8 $2 bxa3 28. Nb6 Qb4 $19 (28... Qxc5 $2 29. Bc1 $19) (28... axb2 $2 29. Kxb2 Qxc5 30. Nxc8 $19)) (27. axb4 Qxb4 28. d3) 27... Qxc5 28. Nxa8 Qxc4 29. d3 Qa6 30. Nc7 Qxa4 31. Rhe1 Bd7 32. Nd5 {[%emt 0:00:14] [#]} Be6 $1 33. Nb6 (33. Nf4 Ba2+) 33... Qa2+ 34. Kc1 Na5 35. Re2 Nb3+ 36. Kc2 Nc5 37. Kc1 Qa6 38. Rxe6 Nxe6 39. Nc4 Nc5 {[%emt 0:00:56][%cal Oc5d3] aiming for ...Nxd3+!} 40. Ne5 Qb5 41. Kb1 Na4 42. Re1 Nc3+ 43. Kc1 Qd5 44. Nf3 Qc5 (44... Qa2 $142 45. Nd2 b3 46. Re5 Na4 47. Kd1 Qxb2 (47... Nxb2+ $2 48. Ke2 $19) 48. Nxb3 Qxb3+ 49. Ke1 Nb2 (49... Qxd3 50. Kf2 Nc3 51. Kg1 Qd2 52. h4 Qc1+ 53. Kh2 Qf4+ 54. Kh1 Qxe5 55. h5 Qe1+ 56. Kh2 Ne2 57. g4 Qg3+ 58. Kh1 Qh3#) 50. Kf2 Nxd3+ (50... Qxd3 51. g4 f4 52. Re6 Qg3+ 53. Kf1 f3 54. Rf6+ Ke7 55. Rxf3 Qxf3+ 56. Ke1 Qg2 57. g5 d3 58. h4 Qe2#) 51. Kg1 Nxe5 52. Kf1 d3 53. Kg1 d2 54. Kh2 d1=Q (54... d1=R $2 55. g4 Rd2+ 56. Kh1 Qd1#) 55. g4 Qe2+ 56. Kh1 Qbd1#) 45. Kd2 Qc7 46. Re5 Nb1+ 47. Ke1 Na3 48. Kf1 Nc2 {[%emt 0:00:55] Hoping for ...Ne3+.} 49. Kg1 Qd6 50. Bc1 {[%emt 0:00:30] [#]} Ne3 $1 51. Bb2 Nc2 52. Bc1 $1 g5 {[%emt 0:01:12] White must now prevent ...h6.} 53. Bxg5 b3 54. Rxf5+ Kg8 {[%emt 0:00:31] ...b2 would now be deadly.} 55. Rf6 Qc5 56. Bh6 b2 57. Nd2 Na3 58. Rf1 Qc1 59. g4 b5 {[%emt 0:00:22] And now ...Nc2 would win.} 60. g5 b4 ({Not} 60... Qxd2 61. Rf8#) (60... b1=R 61. Nxb1 Qxb1 (61... Qe3+ 62. Kg2 $15) 62. Rxb1 Nxb1 63. Kf2 $17) 61. h4 {[%emt 0:00:26] [#]} b3 $1 62. h5 {[%emt 0:00:09] [#]} (62. g6 hxg6) 62... Qxf1+ $3 {[%emt 0:00:17][%mdl 512] Black mates.} 63. Kxf1 b1=Q+ 64. Nxb1 Nxb1 65. g6 b2 {[%emt 0:00:18] Weighted Error Value: White=0.65/Black=0.18 (very precise) .  Loses game:     	White=1     	---        Mistake:       	White=4     	Black=1      Inaccurate:     	White=4     	Black=1      OK:         	White=8     	Black=13     Best:        	White=5     	Black=4      Strong:       	---       	Black=2      Brilliant:      	---       	Black=1} 0-1

[Event "2nd Cambridge Open 2024"]
[Site "Cambridge"]
[Date "2024.02.24"]
[Round "8.7"]
[White "Royal, Shreyas"]
[Black "Sowray, Peter J"]
[Result "1/2-1/2"]
[ECO "D35"]
[WhiteElo "2459"]
[BlackElo "2169"]
[Annotator "ChessBase"]
[PlyCount "86"]
[EventDate "2024.02.18"]
[EventType "swiss"]
[EventCountry "ENG"]
[SourceTitle "playchess.com"]
[Source "ChessBase"]
[SourceQuality "1"]
[TimeControl "5400+30"]

1. d4 d5 2. c4 e6 3. Nc3 Nf6 4. cxd5 exd5 5. Bg5 c6 6. e3 Be7 7. Bd3 Nbd7 8. h3 Nb6 9. Nf3 Nh5 10. Bxe7 Qxe7 11. Ne5 Nf6 12. O-O O-O 13. f4 c5 14. Qf3 Bd7 15. Rac1 Bc6 16. dxc5 Nbd7 17. Nxd7 Nxd7 18. Nxd5 Bxd5 19. Qxd5 Qxe3+ 20. Kh2 Nxc5 21. Bxh7+ Kxh7 22. Qxc5 Qxc5 23. Rxc5 Rac8 24. Rfc1 Rxc5 25. Rxc5 f6 26. Rc7 Rb8 27. f5 a5 28. g4 b5 29. Kg3 Rd8 30. Rc5 Rd3+ 31. Kh4 b4 32. Rxa5 b3 33. a3 Rd2 34. Rb5 Rxb2 35. Kh5 Rb1 36. g5 fxg5 37. f6 gxf6 38. Rb7+ Kg8 39. Kg6 Kf8 40. Kxf6 Kg8 41. Kg6 Kf8 42. Kf6 Kg8 43. Kg6 Kf8 1/2-1/2

[Event "2nd Cambridge Open 2024"]
[Site "Cambridge"]
[Date "2024.02.24"]
[Round "8.8"]
[White "Hanache, Kai"]
[Black "Wachinger, Nikolas"]
[Result "0-1"]
[ECO "B92"]
[WhiteElo "1926"]
[BlackElo "2437"]
[Annotator "TA"]
[PlyCount "70"]
[EventDate "2024.02.18"]
[EventType "swiss"]
[EventCountry "ENG"]
[SourceTitle "playchess.com"]
[Source "ChessBase"]
[SourceQuality "1"]
[TimeControl "5400+30"]

1. e4 c5 2. Nf3 d6 3. d4 cxd4 4. Nxd4 Nf6 5. Nc3 a6 6. Be2 e5 7. Nb3 Be7 8. O-O O-O 9. Be3 Be6 10. Qd3 Nc6 11. a3 Na5 12. Nxa5 Qxa5 {[%emt 0:00:05] The position is equal.} 13. b4 Qc7 14. Nd5 Bxd5 15. exd5 Nd7 16. c4 f5 17. Rac1 b6 18. f4 exf4 19. Bxf4 Bf6 20. Kh1 (20. Qxf5 $2 Bd4+ 21. Kh1 Rxf5 $19) 20... Rae8 (20... g6 $11) 21. Bh5 ({White should play} 21. c5 $1 $14 bxc5 22. Qxa6) 21... Re4 $11 22. Bg3 (22. c5 $11 bxc5 23. Qxa6 Rxf4 (23... Be5 24. Bxe5 Rxe5 25. Bd1 $14) 24. Rxf4) 22... Be5 (22... Ne5 $15 23. Qb1 g6 (23... Rxc4 24. Be2 $15)) 23. c5 bxc5 $15 24. bxc5 ({Better is} 24. Qxa6 $15 Bxg3 25. hxg3) 24... Nxc5 $19 25. Qf3 $2 {[%emt 0:02:12] [#]} (25. Bf3 Nxd3 26. Rxc7) 25... g6 {[%emt 0:02:02] Black is clearly winning.} 26. Bxe5 Rxe5 ({Less strong is} 26... dxe5 27. Qc3 Rc8 28. Rfd1 $17) 27. Bg4 Qe7 (27... fxg4 28. Qxf8#) 28. Bh3 Re3 29. Qd1 Nd3 {[%emt 0:01:45] Inhibits g3.} 30. Rb1 Qe4 31. Rb7 Rxh3 32. Qa1 Ne5 $1 ({Stronger than} 32... Qxd5 33. Qg7#) 33. Rb4 Qxd5 {[%emt 0:00:10] Hoping for ...Ng4.} 34. Rd4 Qb7 {[%emt 0:01:42] Threatens to win with ...Ng4.} 35. Rb1 {[%emt 0:01:11] [#]} Rxa3 $3 {[%emt 0:00:18] Weighted Error Value: White=0.65/Black=0.07 (flawless) .  Mistake:       	White=5     	Black=2      Inaccurate:     	White=1     	---        OK:         	White=7     	Black=8      Best:        	---       	Black=4} 0-1

[Event "2nd Cambridge Open 2024"]
[Site "Cambridge"]
[Date "2024.02.24"]
[Round "8.9"]
[White "Vardanyan, Aras"]
[Black "Hanley, Craig A"]
[Result "1/2-1/2"]
[ECO "A25"]
[WhiteElo "2284"]
[BlackElo "2431"]
[Annotator "RC"]
[PlyCount "120"]
[EventDate "2024.02.18"]
[EventType "swiss"]
[EventCountry "ENG"]
[SourceTitle "playchess.com"]
[Source "ChessBase"]
[SourceQuality "1"]
[TimeControl "5400+30"]

1. c4 e5 2. g3 g6 3. Bg2 Bg7 4. Nc3 d6 5. d3 Nc6 6. e3 Be6 7. Nf3 h6 8. d4 exd4 9. Nxd4 Nxd4 10. exd4 Qd7 11. O-O Bxc4 12. Re1+ Ne7 13. Bxb7 Rb8 14. Bf3 O-O 15. b3 Be6 16. Bb2 Rfe8 17. d5 Bh3 18. Qd2 Kh7 19. Rac1 Ng8 20. Ne4 f5 21. Nc3 Rxe1+ 22. Rxe1 Re8 23. Rc1 Nf6 24. Ne2 Bg4 25. Bxf6 Bxf3 26. Bxg7 Qxg7 27. Nd4 Bxd5 28. Nxf5 gxf5 29. Qxd5 Re5 30. Qc6 Re7 31. Qf3 Qe5 32. Rc4 c5 33. Kg2 Kg6 34. b4 Qe6 35. Qd3 cxb4 36. Rxb4 Qxa2 37. Qxd6+ Qe6 38. Qd3 Rd7 39. Qc3 Qd5+ 40. Kh3 Qd1 41. Qc6+ Qd6 42. Qc4 Qd5 43. Qc8 Qe6 44. Rf4 Re7 45. Qc2 Qd5 46. Kh4 Re4 47. Qc7 Qd4 48. Rxe4 fxe4 49. Kh3 Qxf2 50. Qc6+ Qf6 51. Qe8+ Qf7 52. Qc6+ Kg5 53. Qc1+ Kg6 54. Qc6+ Qf6 55. Qe8+ Kg5 56. Qg8+ Kf5 57. Qd5+ Qe5 58. Qf7+ Qf6 59. Qxa7 Qe6 60. Kg2 Kg6 1/2-1/2

[Event "2nd Cambridge Open 2024"]
[Site "Cambridge"]
[Date "2024.02.24"]
[Round "8.10"]
[White "Pert, Richard G"]
[Black "Rida, Ruqayyah"]
[Result "1-0"]
[ECO "D77"]
[WhiteElo "2411"]
[BlackElo "1743"]
[Annotator "TA"]
[PlyCount "53"]
[EventDate "2024.02.18"]
[EventType "swiss"]
[EventCountry "ENG"]
[SourceTitle "playchess.com"]
[Source "ChessBase"]
[SourceQuality "1"]
[TimeControl "5400+30"]

1. d4 Nf6 2. Nf3 g6 3. g3 Bg7 4. Bg2 O-O 5. O-O d5 6. c4 e6 7. Bg5 h6 8. Bf4 g5 9. Be3 {[%emt 0:00:00] White has an edge.} dxc4 10. Na3 Nd5 11. Nxc4 Nc6 12. Qb3 f5 13. Rad1 Qe8 14. Bc1 (14. Nfe5 $16) 14... Nb6 (14... Bd7 $11) 15. Rfe1 Kh7 ({Black should play} 15... Bd7 $1 $14) 16. e4 {[%emt 0:00:00] White is more active.} fxe4 (16... f4 $16) 17. Rxe4 $18 Qf7 {[%emt 0:00:45] [#]} 18. Bxg5 $1 {[%emt 0:00:00][%mdl 512] And now Rh4 would win.} Nxc4 (18... e5 19. dxe5) 19. Qxc4 Qh5 (19... e5 20. Qxf7 (20. Nxe5 Nxe5 21. Qxf7 Nxf7 $17) 20... Rxf7) 20. Rh4 {[%emt 0:00:00] White is clearly winning.} Qg6 21. Be3 {[%emt 0:00:00][%cal Of3e5] Ne5! would now be deadly.} Bd7 22. Ng5+ Kg8 23. Be4 Qe8 24. Nf3 b5 25. Qc5 Rb8 26. Bxh6 e5 27. Bd5+ {[%emt 0:00:43] Weighted Error Value: White=0.32/Black=0.46.  Mistake:       	White=1     	Black=4      Inaccurate:     	White=1     	Black=5      OK:         	White=4     	Black=5      Best:        	---       	Black=1} 1-0

[Event "2nd Cambridge Open 2024"]
[Site "Cambridge"]
[Date "2024.02.24"]
[Round "8.11"]
[White "Wells, Peter K"]
[Black "Fava, Lorenzo"]
[Result "1/2-1/2"]
[ECO "D46"]
[WhiteElo "2341"]
[BlackElo "2084"]
[Annotator "TA"]
[PlyCount "87"]
[EventDate "2024.02.18"]
[EventType "swiss"]
[EventCountry "ENG"]
[SourceTitle "playchess.com"]
[Source "ChessBase"]
[SourceQuality "1"]
[TimeControl "5400+30"]

1. d4 Nf6 2. c4 e6 3. Nc3 d5 4. Nf3 c6 5. e3 Nbd7 6. Qc2 Bd6 7. Bd3 b6 (7... dxc4 $11 8. Bxc4 e5) 8. O-O (8. cxd5 $14 cxd5 9. Nb5 Bb4+ 10. Bd2 Bxd2+ 11. Nxd2 (11. Qxd2 O-O $14)) 8... Bb7 $11 9. e4 dxe4 {[%emt 0:00:51] White has an edge.} 10. Nxe4 Nxe4 11. Bxe4 Nf6 12. Bg5 Be7 13. Bxf6 Bxf6 14. c5 (14. Bxh7 g6 15. Bxg6 fxg6 16. Qxg6+ Kd7 $16) 14... h6 15. Rfd1 O-O 16. b4 Qc7 17. Rac1 a5 18. a3 axb4 19. axb4 Rfd8 20. g3 bxc5 21. Qxc5 Be7 22. Qc3 Qb6 23. Rb1 (23. Ne5 {keeps more tension.} Bf6 24. Rb1 Ra2 25. Qc5) 23... Ra4 24. Ne5 {[%emt 0:03:31] aiming for Qc2.} Rxb4 {[%emt 0:01:20] With the idea ...c5.} 25. Rxb4 (25. Nxc6 {simplifies} Bxc6 26. Rxb4 Bxb4 27. Qxc6 Qxc6 28. Bxc6 g6 29. d5) 25... Bxb4 (25... Qxb4 {simplifies} 26. Qxb4 Bxb4 27. Nxc6 Rc8) 26. Qf3 (26. Qc2 {simplifies} Qc7 27. Nxc6 Bxc6 28. Qxc6 Qxc6 29. Bxc6 g6 30. d5) 26... f6 27. Qb3 c5 28. dxc5 (28. Nc4 $11 {keeps the balance.} Qa6 29. Bxb7 Qxb7 30. Nb2) 28... Rxd1+ $17 29. Qxd1 Bxc5 30. Bxb7 Qxb7 $11 {[%emt 0:02:43][%mdl 4096] Endgame. KQB-KQN} (30... Bxf2+ 31. Kf1 Bc5 (31... fxe5 32. Qd7 $11) (31... Qxb7 32. Qd8+ Kh7 33. Qd3+ Kg8 34. Qd8+ Kh7 35. Qd3+ Kg8 36. Qd8+ $11) 32. Be4 fxe5 33. h4 $11) 31. Qd8+ Kh7 32. Qd3+ {[%emt 0:00:38] [#]} f5 $1 33. Qe2 {[%emt 0:00:37] Wards off Qb2} Qd5 34. h4 Bd6 35. Nf3 e5 (35... g6 $17) 36. h5 $1 e4 37. Nh4 Be7 38. Ng6 {[%emt 0:00:27] Inhibits Bxh4.} Bg5 ({Better is} 38... Bc5 $1 $15) 39. Kh2 {[%emt 0:01:07] The position is equal.} Qd3 40. Qa2 Qf3 41. Nf8+ Kh8 42. Ng6+ Kh7 43. Nf8+ Kh8 44. Ng6+ {[%emt 0:00:45] Weighted Error Value: White=0.11 (very precise) /Black=0.13 (very precise) .  Mistake:       	White=2     	Black=2      Inaccurate:     	White=1     	Black=1      OK:         	White=16    	Black=14     Best:        	White=1     	Black=2      Strong:       	White=1     	Black=1} 1/2-1/2

[Event "2nd Cambridge Open 2024"]
[Site "Cambridge"]
[Date "2024.02.24"]
[Round "8.12"]
[White "Ghasi, Ameet K"]
[Black "Jermy, Jaden"]
[Result "1-0"]
[ECO "C00"]
[WhiteElo "2509"]
[BlackElo "1968"]
[Annotator "TA"]
[PlyCount "117"]
[EventDate "2024.02.18"]
[EventType "swiss"]
[EventCountry "ENG"]
[SourceTitle "playchess.com"]
[Source "ChessBase"]
[SourceQuality "1"]
[TimeControl "5400+30"]

1. Nf3 Nf6 2. g3 d5 3. Bg2 e6 4. O-O Be7 5. d3 O-O 6. Nbd2 c5 7. e4 Nc6 8. Re1 b5 9. e5 Nd7 10. Nf1 Qc7 11. Bf4 Bb7 12. h4 Nd4 13. Nxd4 cxd4 14. Qg4 Rfc8 {[%emt 0:02:40] The position is equal.} 15. Re2 Bf8 16. Nh2 {[%emt 0:00:22][%cal Bf1h2,Bh2f3,Bf3d4][%mdl 32] White is more active.} g6 (16... Kh8 $14) 17. h5 $18 {[%emt 0:05:59] Black must now prevent hxg6.} Bg7 $2 (17... Qc5 18. Nf3 Re8 19. hxg6 fxg6) 18. hxg6 hxg6 19. Nf3 Qc5 20. Rae1 Rc6 21. Bg5 Ra6 22. Nxd4 (22. Qxd4 Qxd4 23. Nxd4 Rxa2 $11) 22... Re8 {[%emt 0:00:47] [#]} 23. a3 Ra4 24. c3 {[%emt 0:00:06][%cal Bc2c3,Bc3b4,Bb4b5][%mdl 32] Strongly threatening Re3.} a5 25. Bd2 b4 26. axb4 axb4 27. cxb4 Qb6 28. Qf4 Bf8 29. b3 Ra2 (29... Ra3 30. Rc1 Bg7) 30. Nf3 Be7 31. Be3 Qa6 {[%emt 0:00:19] [#]} 32. b5 $1 Qa3 (32... Qa5 33. b4) 33. Rxa2 Qxa2 34. Qa4 Ra8 35. Qxa2 Rxa2 36. Rc1 Bd8 {[%emt 0:00:01] Wards off Rc7} 37. Bf1 Ra5 38. d4 Ra3 39. Rb1 Kf8 40. Ne1 Ke8 41. Nd3 Bc7 42. Nc5 Nxc5 43. dxc5 Bxe5 44. c6 Ba8 45. f4 Bd6 46. Bd3 g5 47. Kf2 gxf4 48. gxf4 (48. Bxf4 Ke7 49. Bxd6+ Kxd6 $18) 48... Kd8 49. Kf3 {[%emt 0:01:37] Bb6+ is the strong threat.} Kc7 50. Bd4 Be7 $2 (50... Bxc6 51. bxc6 Kxc6) 51. b6+ Kxc6 52. Rc1+ Kd7 53. Rc7+ (53. Bb5+ $142 Bc6 54. Bxc6+ (54. Rxc6 Rxb3+ 55. Ke2 Rxb5 $11) 54... Kd8 55. Rc3 Bd6 56. b7 Kc7 57. Bxd5+ Kd7 58. Bc6+ Kc7 59. Be4+ Kd7 60. Be5 (60. Bc5 Ra6 61. Rd3 Kc7 62. Bxd6+ Rxd6 63. Rc3+ Rc6 64. Bxc6 f6 65. Be4+ Kb8)) 53... Kd8 {[%emt 0:00:00] [#]} 54. Rxe7 $1 Rxb3 (54... Kxe7 55. Bc5+) 55. Ra7 ({And not} 55. Rxf7 Rxd3+ 56. Be3 (56. Kg4 Rxd4 57. b7 Bxb7 $15) 56... d4+ 57. b7 (57. Kg4 $2 dxe3 58. Rf8+ Kd7 $19) 57... Rxe3+ $11 (57... Bxb7+ 58. Rxb7 Rxe3+ 59. Kf2 $11)) 55... Rxd3+ {[%emt 0:00:00] [#]} 56. Ke2 $1 Rb3 57. Rxa8+ Kd7 58. Ra7+ Kd6 59. Rxf7 {[%emt 0:00:13] White took control after the opening.   Weighted Error Value: White=0.17 (very precise) /Black=0.73.  Mistake:       	---       	Black=4      Inaccurate:     	White=3     	Black=4      OK:         	White=21    	Black=10     Best:        	White=3     	Black=1} 1-0

[Event "2nd Cambridge Open 2024"]
[Site "Cambridge"]
[Date "2024.02.24"]
[Round "8.13"]
[White "Golubovic, Boris"]
[Black "Hutchinson, Paul A"]
[Result "1-0"]
[ECO "E67"]
[WhiteElo "2342"]
[BlackElo "2013"]
[Annotator "TA"]
[PlyCount "83"]
[EventDate "2024.02.18"]
[EventType "swiss"]
[EventCountry "ENG"]
[SourceTitle "playchess.com"]
[Source "ChessBase"]
[SourceQuality "1"]
[TimeControl "5400+30"]

1. d4 Nf6 2. Nf3 g6 3. c4 Bg7 4. Nc3 O-O 5. g3 c6 6. Bg2 a6 7. O-O d6 8. h3 Nbd7 9. e4 Qc7 10. Be3 b5 {[%emt 0:01:17] [#]} 11. e5 Ne8 (11... dxe5 $11 12. dxe5 Nxe5 13. Nxe5 Qxe5) 12. exd6 $14 {[%emt 0:02:46] White is slightly better.} Nxd6 13. c5 Nc4 {[%emt 0:09:22][%cal Oc4e3] [#]} 14. Bc1 e5 15. b3 Na5 16. Be3 Nb7 17. b4 a5 18. a3 {[%emt 0:00:06][%cal Ba2a3,Ba3b4,Bb4c5][%mdl 32] White is more active.} Re8 {[%emt 0:34:00] This move loses the game for Black.} (18... Nd8 $16 19. d5 Bb7) 19. d5 $18 {[%emt 0:10:04] Hoping for dxc6.} axb4 20. axb4 Rxa1 21. Qxa1 cxd5 22. Nxd5 (22. Nxb5 Qb8 $18) 22... Qd8 23. Qa7 (23. Rd1 $142) 23... Ndxc5 24. bxc5 Qxd5 25. Ng5 e4 {[%emt 0:00:19] [#]} 26. Nxe4 $1 Qe6 {[%emt 0:03:24] Against Nf6+} (26... Rxe4 $2 {perishes.} 27. Qa8 Qd8 28. Bxe4 Nxc5 29. Rc1 $18 (29. Bxc5 Bf6 $18)) (26... Qd3) 27. Ng5 Qe7 28. Rd1 {[%emt 0:00:58] c6 is the strong threat.} h6 (28... Bf6 $142 29. Ne4 Nd8) 29. c6 hxg5 30. cxb7 Bxb7 31. Qxb7 ({Don't take} 31. Bxb7 b4 32. Qa4 Qf8 $18) 31... Qa3 (31... Qxb7 $142 32. Bxb7 b4) 32. Qxb5 Rxe3 {[%emt 0:00:33] Black is weak on the light squares} 33. fxe3 Qxe3+ 34. Kh1 Qxg3 35. Qe8+ Kh7 36. Qxf7 g4 37. Rd7 Qe1+ 38. Qf1 Qe6 39. Rd3 {[%emt 0:00:25] Black must now prevent hxg4.} Be5 40. Bd5 Qa6 41. hxg4 Kh6 42. Rh3+ {[%emt 0:00:10] Weighted Error Value: White=0.47/Black=0.72.  Mistake:       	White=2     	Black=5      Inaccurate:     	---       	Black=1      OK:         	White=9     	Black=8      Best:        	White=2     	Black=3      Strong:       	White=1     	---} 1-0